 Dungeon Crawl Stone Soup version 0.31-a0-150-g89dc3ad700 (webtiles) character file.

Game seed: 5158688879749883732

2452 qw the Skirmisher (level 9, -1/57 HPs)
             Began as a Gargoyle Hunter on June 8, 2023.
             Was an Initiate of Okawaru.
             Slain by a troll (9 damage)
             ... on level 7 of the Dungeon.
             The game lasted 00:02:22 (5944 turns).

qw the Skirmisher (Gargoyle Hunter)                 Turns: 5944, Time: 00:02:22

Health: -1/57      AC: 11    Str: 14    XL:     9   Next: 50%
Magic:  9/10       EV: 16    Int: 11    God:    Okawaru [......]
Gold:   156        SH:  0    Dex: 17    Spells: 8/8 levels left

rFire   . . .        Y - +0 shortbow (heavy)
rCold   + + .        (shield currently unavailable)
rNeg    + . .        b - +0 leather armour {rC+}
rPois   inf          (no helmet)
rElec   +            (no cloak)
rCorr   .            a - +0 pair of gloves
SInv    .            (no boots)
Will    .....        f - amulet of the acrobat
Stlth   +++          j - ring of protection from cold
HPRegen 1.09/turn    (no ring)
MPRegen 0.12/turn

%: acrobat
@: heroic
A: sickness immunity, AC +6, negative energy resistance 1, electricity
resistance, torment resistance 1, petrification resistance, talons 1, low MP 1,
regeneration 1
a: Renounce Religion


You were on level 7 of the Dungeon.
You worshipped Okawaru.
Okawaru was noncommittal.
You visited 2 branches of the dungeon, and saw 8 of its levels.
You also visited: Ossuary.

You collected 233 gold pieces.
You spent 77 gold pieces at shops.


Innate Abilities, Weirdness & Mutations

You are immune to sickness and miasma.
Your stone body is resilient. (AC +6)
You are immune to poison.
You resist negative energy. (rN+)
You are resistant to electric shocks. (rElec)
You are resistant to unholy torment.
You are immune to petrification.
You have sharp toenails.
Your magical capacity is low. (-10% MP)
Your natural rate of healing is unusually fast.


   Skills:
 - Level 7.3(12.3) Fighting
 + Level 10.4(15.4) Ranged Weapons
 - Level 1.5(6.5) Armour
 - Level 3.1(8.1) Dodging
 - Level 1.1(6.1) Stealth
 - Level 3.3 Invocations


You had 8 spell levels left.
You didn't know any spells.
Your spell library was empty.

Inventory:

Hand Weapons
 Y - a +0 heavy shortbow (weapon)
Armour
 a - a +0 pair of gloves (worn)
 b - a +0 leather armour of cold resistance (worn)
 e - a +2 robe of positive energy
Jewellery
 f - an amulet of the acrobat (around neck)
 j - a ring of protection from cold (left hand)
Scrolls
 i - a scroll of identify
Potions
 c - 2 potions of curing
 d - a potion of haste
 h - 2 potions of mutation
 l - a potion of resistance {unknown}
 n - a potion of brilliance {unknown}
 q - a potion of heal wounds

Dungeon Overview and Level Annotations

Branches:
Dungeon (7/15)             Temple (1/1) D:5         Ossuary (visited)

Altars:
Ashenzari
Cheibriados
Fedhas
Gozag
Hepliaklqana
Kikubaaqudgha
Makhleb
Nemelex Xobeh
Okawaru
Qazlal
Sif Muna
Uskayaw
Vehumet
Wu Jian
Yredelemnul
Zin
The Shining One
Lugonu

Shops:
D:3 *   D:6 *


Message History

The orc hits you with a +1 heavy hand axe!
The orc misses you.
You shoot an arrow. The arrow barely misses the orc wizard.
The goblin misses you. The goblin closely misses you.
Something hits you but does no damage.
The orc wizard hits you but does no damage.
The orc barely misses you.
You shoot an arrow. The arrow hits the orc wizard!!
You kill the orc wizard!
Okawaru accepts your kill. The orc hits you but does no damage.
The goblin hits you but does no damage. x2
Something hits you. The orc closely misses you.
The orc hits you but does no damage. The troll misses you.
The troll closely misses you. The troll misses you.
You shoot an arrow. The arrow barely misses the troll.
The goblin hits you but does no damage. The goblin misses you.
The orc barely misses you. The troll barely misses you.
The troll closely misses you. The troll misses you.
The orc hits you but does no damage. Something hits you but does no damage.
The orc hits you with a +0 hand axe. The orc completely misses you.
You shoot an arrow. The arrow hits the troll!!
The troll is almost dead.
The goblin closely misses you. The goblin hits you but does no damage.
The orc closely misses you. The orc misses you.
Something hits you but does no damage. The troll bites you.
The troll barely misses you. The troll misses you. The orc closely misses you.
You shoot an arrow. The arrow hits the troll.
The troll is almost dead.
The orc hits you but does no damage.
The goblin hits you from afar with a +0 spear.
The goblin hits you but does no damage. The troll bites you!
The troll claws you but does no damage. x2; The orc misses you.
The orc closely misses you. Something hits you but does no damage.
The orc hits you with a +0 dagger.
You shoot an arrow. The arrow barely misses the troll.
The goblin barely misses you. The goblin misses you.
The orc hits you with a +0 hand axe. The orc closely misses you.
Something closely misses you. The troll bites you! The troll barely misses you.
The troll claws you!
You die...

#....# #.##
#...##.## ##...##
##.# ##..##.#
..#.....###..#
#..##..
.............##
#...#..#
.....######...#
#....... .....
###.## #........
..#. #..###
......... ..##
Y######oo..#...#..#
Y{Yggg{@T.....#
5###og)oo....##
#######..## ..# #.#
.. ...


You could see 3 yaks, a troll, a white imp, 5 orcs and 4 goblins.

Vanquished Creatures
  Pikel (D:5)
  A wraith (Ossuary)
  A water moccasin (D:7)
  A sky beast (D:6)
  A black bear (D:4)
  3 ogres
  2 phantoms
  A gnoll sergeant (D:6)
  5 scorpions
  2 jellies
  2 quasits (D:6)
  2 orc priests
  5 hounds
  3 iguanas (D:5)
  Terence (D:2)
  4 orc wizards
  A mummy (Ossuary)
  6 gnolls
  4 adders
  5 shadow imps
  2 white imps
  3 ufetubi (D:6)
  3 worms
  A dart slug (D:4)
  10 orcs
  6 ball pythons
  3 bats
  6 endoplasms
  5 giant cockroaches
  7 goblins
  13 hobgoblins
  6 jackals
  4 quokkas
  4 frilled lizards
  7 gnoll skeletons (Ossuary)
  5 kobolds
  4 kobold skeletons (Ossuary)
  14 orc skeletons (Ossuary)
  6 rats
160 creatures vanquished.

Notes
Turn   | Place    | Note
-------+----------+-------------------------------------------
     0 | D:1      | qw the Gargoyle Hunter began the quest for the Orb.
     0 | D:1      | Reached XP level 1. HP: 12/12 MP: 1/1
     0 | D:1      | 0 ||| qw: Version: 0.2-a-119-g7aa9181
     0 | D:1      | 0 ||| qw: Game counter: 2794
     0 | D:1      | 0 ||| qw: Always use a shield: true
     0 | D:1      | 0 ||| qw: God list: Okawaru
     0 | D:1      | 0 ||| qw: Allow faded altars: false
     0 | D:1      | 0 ||| qw: Do Orc after D:15 true
     0 | D:1      | 0 ||| qw: Do second Lair branch before Depths: true
     0 | D:1      | 0 ||| qw: Lair rune preference: random
     0 | D:1      | 0 ||| qw: Plans: Normal
     0 | D:1      | 0 ||| PLANNING D:1-11
    69 | D:1      | Reached XP level 2. HP: 17/17 MP: 2/2
   457 | D:1      | Found a faded altar of an unknown god.
   667 | D:1      | 667 ||| UPGRADING to amulet of the acrobat.
   672 | D:1      | 672 ||| READING 3 scrolls labelled PEKLANW WUONNY.
   673 | D:1      | 673 ||| READING 2 scrolls of brand weapon.
   673 | D:1      | 673 ||| BRANDING +0 shortbow of flaming.
   674 | D:1      | 674 ||| READING scroll of brand weapon.
   674 | D:1      | 674 ||| BRANDING +0 heavy shortbow.
   675 | D:1      | 675 ||| READING scroll labelled YNAYT ZOLOMP.
   678 | D:1      | 678 ||| READING scroll labelled UNLEUNUQAU.
   679 | D:1      | 679 ||| READING scroll labelled XADDAI XEIKOJO.
   680 | D:1      | 680 ||| DROPPING scroll of butterflies.
   744 | D:2      | Reached XP level 3. HP: 21/21 MP: 3/3
   754 | D:2      | Noticed Terence
   762 | D:2      | Killed Terence
   763 | D:2      | Reached skill level 5 in Ranged Weapons
  1014 | D:2      | Reached XP level 4. HP: 27/27 MP: 4/4
  1474 | D:2      | 1474 ||| READING scroll labelled RIPURE ATICH.
  1575 | D:2      | 1575 ||| READING scroll labelled NAEMUCEAPH.
  1576 | D:2      | 1576 ||| DRINKING 2 fizzy purple potions.
  1576 | D:2      | Gained mutation: Your magical capacity is low. (-10% MP)
                  | [potion of mutation]
  1576 | D:2      | Gained mutation: You have sharp toenails. [potion of
                  | mutation]
  1576 | D:2      | Gained mutation: Your natural rate of healing is unusually
                  | fast. [potion of mutation]
  1707 | D:3      | Reached skill level 3 in Fighting
  1976 | D:3      | Reached XP level 5. HP: 32/32 MP: 4/4
  2089 | D:3      | Found Zuoq's General Store.
  2095 | D:3      | Reached skill level 6 in Ranged Weapons
  2101 | D:3      | 2101 ||| SHOPLISTING +2 helmet of Pastruef {rPois Slay+3
                  | Stlth+} (452 gold, have 102).
  2101 | D:3      | 2101 ||| BUYING potion of heal wounds (55 gold).
  2101 | D:3      | Bought a potion of heal wounds for 55 gold pieces
  2101 | D:3      | 2101 ||| BUYING scroll of identify (22 gold).
  2101 | D:3      | Bought a scroll of identify for 22 gold pieces
  2346 | D:3      | Found a broken altar of Ashenzari.
  2376 | D:3      | 2376 ||| READING scroll labelled SUNTA KAKA.
  2377 | D:3      | 2377 ||| READING scroll labelled XOOXUZ GOETSY.
  2378 | D:3      | 2378 ||| READING 3 scrolls of identify.
  2378 | D:3      | 2378 ||| IDENTIFYING white potion
  2379 | D:3      | 2379 ||| READING 2 scrolls of identify.
  2379 | D:3      | 2379 ||| IDENTIFYING sedimented red potion
  2380 | D:3      | 2380 ||| DROPPING potion of ambrosia.
  2381 | D:3      | 2381 ||| DROPPING potion of magic.
  2753 | D:4      | Found a stormy altar of Qazlal.
  2892 | D:4      | Found an ornate altar of the Wu Jian Council.
  2999 | D:4      | Noticed a black bear
  3007 | D:4      | Killed a black bear
  3008 | D:4      | Reached XP level 6. HP: 33/38 MP: 5/5
  3470 | D:4      | 3470 ||| UPGRADING to +0 pair of gloves.
  3475 | D:4      | 3475 ||| DROPPING amulet of magic regeneration.
  3476 | D:4      | 3476 ||| READING scroll labelled VYRAEV BYUBARGH.
  3477 | D:4      | 3477 ||| DRINKING 2 fizzy green potions.
  3478 | D:4      | 3478 ||| DROPPING potion of invisibility.
  3535 | D:5      | Entered Level 5 of the Dungeon
  3590 | D:5      | Found a hide-covered altar of Uskayaw.
  3621 | D:5      | Reached skill level 1 in Armour
  3649 | D:5      | Reached skill level 7 in Ranged Weapons
  3659 | D:5      | Reached XP level 7. HP: 31/43 MP: 6/6
  3758 | D:5      | 3758 ||| READING scroll of brand weapon.
  3758 | D:5      | 3758 ||| BRANDING +0 shortbow of freezing.
  3904 | D:5      | Reached skill level 8 in Ranged Weapons
  4084 | D:5      | Noticed Pikel
  4097 | D:5      | HP: 11/44 [Pikel/+1 whip of freezing (3)]
  4098 | D:5      | 4098 ||| DRINKING potion of heal wounds.
  4102 | D:5      | Killed Pikel
  4103 | D:5      | Reached XP level 8. HP: 26/53 MP: 7/7
  4340 | D:5      | Found a staircase to the Ecumenical Temple.
  4341 | D:5      | 4341 ||| PLANNING TEMPLE
  4341 | D:5      | 4341 ||| UPGRADING to +0 leather armour of cold resistance.
  4351 | D:5      | 4351 ||| DROPPING +0 leather armour.
  4352 | D:5      | 4352 ||| UPGRADING to ring of protection from cold.
  4353 | D:5      | 4353 ||| DRINKING 3 fuming emerald potions.
  4354 | D:5      | 4354 ||| DROPPING 2 potions of attraction.
  4361 | Temple   | Entered the Ecumenical Temple
  4403 | Temple   | 4403 ||| PLANNING OKAWARU WORSHIP
  4477 | Temple   | Became a worshipper of Warmaster Okawaru
  4477 | Temple   | 4477 ||| PLANNING D:1-11
  4541 | D:6      | 4541 ||| PLANNING OSSUARY
  4596 | D:6      | Found Zin's Purification Station.
  4599 | D:6      | Found a glowing silver altar of Zin.
  4637 | D:6      | 4637 ||| SHOPLISTING 3 potions of curing (270 gold, have
                  | 135).
  4659 | D:6      | Reached skill level 9 in Ranged Weapons
  4717 | D:6      | Found a sand-covered staircase.
  4751 | Ossuary  | Entered an ossuary
  4751 | Ossuary  | Noticed a wraith
  4751 | Ossuary  | Noticed a wraith
  4751 | Ossuary  | Noticed a wraith
  4806 | Ossuary  | Noticed a wraith
  4815 | Ossuary  | Killed a wraith
  4815 | Ossuary  | Reached * piety under Okawaru
  4816 | Ossuary  | Reached XP level 9. HP: 55/57 MP: 8/8
  5031 | Ossuary  | 5031 ||| READING scroll labelled ZIEJOG EKHUGU.
  5032 | Ossuary  | 5032 ||| READING scroll labelled XOMUCA NIOTU.
  5033 | Ossuary  | 5033 ||| READING scroll labelled QUAH LEUSSE.
  5034 | Ossuary  | 5034 ||| READING scroll labelled OTTOCR AMMITYQ.
  5035 | Ossuary  | 5035 ||| DRINKING 3 orange potions.
  5036 | Ossuary  | 5036 ||| READING 2 scrolls of identify.
  5036 | Ossuary  | 5036 ||| IDENTIFYING murky dark potion
  5037 | Ossuary  | 5037 ||| DROPPING potion of lignification.
  5045 | D:6      | 5045 ||| PLANNING D:1-11
  5130 | D:6      | Reached skill level 1 in Invocations
  5198 | D:6      | Found a snail-covered altar of Cheibriados.
  5248 | D:6      | 5248 ||| INVOKING Heroism.
  5500 | D:6      | Found an opulent altar of Gozag.
  5500 | D:6      | Found a sparkling altar of Nemelex Xobeh.
  5562 | D:6      | 5562 ||| INVOKING Heroism.
  5569 | D:6      | Reached skill level 10 in Ranged Weapons
  5635 | D:6      | 5635 ||| INVOKING Heroism.
  5804 | D:6      | 5804 ||| DROPPING +0 ring mail.
  5805 | D:6      | 5805 ||| READING 3 scrolls of identify.
  5805 | D:6      | 5805 ||| IDENTIFYING clear potion
  5806 | D:6      | 5806 ||| READING 2 scrolls of identify.
  5806 | D:6      | 5806 ||| IDENTIFYING brown potion
  5807 | D:6      | 5807 ||| DROPPING potion of enlightenment.
  5851 | D:7      | Reached skill level 3 in Dodging
  5851 | D:7      | Reached skill level 3 in Invocations
  5914 | D:7      | 5914 ||| INVOKING Heroism.
  5935 | D:7      | Noticed a troll
  5936 | D:7      | 5936 ||| INVOKING Heroism.
  5944 | D:7      | HP: 8/57 [troll (7)]
  5944 | D:7      | Slain by a troll

Levels and vault maps discovered:
D:1:      wander_arrival_lonely_grave, layout_loops_ring,
          shapermc_ecumenical_altar_starsandcircs
D:2:      layout_loops_corners, uniq_terence
D:3:      layout_basic, mainiacjoe_overflow_surrounded_room, serial_shops, shop,
          st_stairs_9, kennysheep_another_room, minmay_misc_feat_enclosed,
          kennysheep_donut, kennysheep_generic_room_7
D:4:      layout_basic, mainiacjoe_overflow_24_doors,
          pdpol_wu_jian_five_deadly_venoms, grunt_ministairs_12,
          minmay_misc_feat_tiny
D:5:      layout_basic, nicolae_uskayaw_dance_hall, temple_statues,
          minmay_misc_feat_four_crosses, uniq_pikel
D:6:      layout_layer_cave, grunt_temple_overflow_opulence, zin_purify,
          mainiacjoe_overflow_brackets, serial_demonic, serial_demonic_g,
          serial_demonic_g, serial_demonic_b, serial_demonic_e,
          serial_demonic_g, serial_demonic_d, serial_demonic_a,
          serial_demonic_e, serial_demonic_g, serial_demonic_c,
          nicolae_ossuary_entry_monument
D:7:      layout_layer_cave, lemuel_tele_altar,
          gammafunk_ghost_berserking_beasts, enter_bailey_5,
          serial_bayou_crossing
Temple:   kb_corrupted_temple

Skill      XL: |  1  2  3  4  5  6  7  8  9 |
---------------+----------------------------+-----
Ranged Weapons | 5 6 7 8 9 10 | 10.4
Fighting       | 3 4 7 |  7.3
Armour         | 1 |  1.5
Dodging        | 2 3 |  3.1
Invocations    | 3 |  3.3
Stealth        | |  1.1

Action                     |  1- 3 |  4- 6 |  7- 9 || total
---------------------------+-------+-------+-------++-------
   Fire: Shortbow          |    78 |   177 |   287 ||   542
 Invoke: Heroism           |       |       |     5 ||     5
    Use: Scroll            |     6 |     7 |     8 ||    21
         Potion            |       |     2 |     3 ||     5
 Armour: Leather armour    |    10 |    32 |   133 ||   175
  Dodge: Dodged            |    13 |    41 |   234 ||   288

Table legend:
 A = Non-vault XP
 B = Vault XP
 C = Vault XP percentage of total XP
 D = Non-vault monster count
 E = Vault monster count
 F = Vault count percentage of total count
                 A         B        C        D         E       F
            +---------+---------+-------+---------+---------+-------
      Total |    2379 |    1124 |  32.1 |     116 |      44 |  27.5
            +---------+---------+-------+---------+---------+-------
        D:1 |      32 |       0 |   0.0 |      18 |       0 |   0.0
        D:2 |      27 |      36 |  57.1 |      16 |       1 |   5.9
        D:3 |     100 |       8 |   7.4 |      20 |       4 |  16.7
        D:4 |     231 |      44 |  16.0 |      12 |       2 |  14.3
        D:5 |     647 |     617 |  48.8 |      24 |       1 |   4.0
        D:6 |     847 |     162 |  16.1 |      16 |       9 |  36.0
        D:7 |     495 |       0 |   0.0 |      10 |       0 |   0.0
    Ossuary |       0 |     257 | 100.0 |       0 |      27 | 100.0
            +---------+---------+-------+---------+---------+-------
